 Dungeon Sprint DCSS version 0.27-a0-1177-g245c70e1c0 (webtiles) character file.

Game seed: 6913225457128990271

18736 mhtbhm the Shatterer (level 12, -4/195 HPs)
             Began as a Minotaur Berserker on May 16, 2021.
             Was the Champion of Trog.
             Succumbed to a green draconian monk's poison gas
             ... in the Dungeon (Sprint VII: "The Pits").
             The game lasted 00:06:12 (3808 turns).

mhtbhm the Shatterer (Minotaur Berserker)           Turns: 3808, Time: 00:06:13

Health: -4/195     AC: 18    Str: 29    XL:     12   Next: 30%
Magic:  3/3        EV: 14    Int:  4    God:    Trog [******]
Gold:   57         SH:  0    Dex: 11    Spells: 11/11 levels left

rFire    + + .     SeeInvis .   a - +6 dire flail (antimagic)
rCold    . . .     Faith    .   (shield currently unavailable)
rNeg     . . .     Spirit   .   b - +0 fire dragon scales
rPois    .         Reflect  .   (helmet restricted)
rElec    .         Harm     .   v - +1 cloak
rCorr    .         Rampage  .   (no gloves)
Will     .....     NoTele   +   n - +0 pair of boots
Stlth    ..........             (no amulet)
HPRegen  0.42/turn              t - ring of protection from cold
MPRegen  0.08/turn              l - +3 ring of strength

@: berserking (expiring), lethally poisoned (-4 -> -188), very quick
A: horns 2, retaliatory headbutt
a: Renounce Religion, Berserk, Trog's Hand, Brothers in Arms


You were in the Dungeon.
You worshipped Trog.
Trog was exalted by your worship.
You visited 1 branch You collected 57 gold pieces.

Inventory:

Hand Weapons
 a - a +6 antimagic dire flail (weapon)
Missiles
 w - 21 poisoned darts
 y - 18 javelins
Armour
 b - +0 fire dragon scales (worn)
 n - a +0 pair of boots (worn)
 v - a +1 cloak (worn)
Jewellery
 l - a +3 ring of strength (right hand)
 t - a ring of protection from cold (left hand)
 u - a ring of see invisible
Scrolls
 h - 3 scrolls of blinking
 j - a scroll of summoning
 o - 3 scrolls of fear
 p - 2 scrolls of enchant armour
 q - a scroll of fog
 r - a scroll of identify
 s - 2 scrolls of immolation
Potions
 c - 7 potions of curing
 d - 19 potions of heal wounds
 e - 3 potions of haste
 f - 4 potions of magic
 g - 6 potions of berserk rage
 i - 2 potions of invisibility
 m - a potion of resistance
 x - 2 potions of mutation


   Skills:
 + Level 19.5 Fighting
 + Level 22.1 Maces & Flails
 + Level 16.3 Armour
 + Level 11.3 Dodging
 + Level 2.5 Stealth


You had 11 spell levels left.
You didn't know any spells.
Your spell library was empty.

Dungeon Overview and Level Annotations

Branches:
Dungeon (1/1)

Altars:
Ashenzari
Cheibriados
Dithmenos
Elyvilon
Fedhas
Gozag
Hepliaklqana
Kikubaaqudgha
Makhleb
Nemelex Xobeh
Okawaru
Qazlal
Ru
Sif Muna
Trog
Uskayaw
Vehumet
Wu Jian
Xom
Yredelemnul
Zin
The Shining One
Beogh
Jiyva
Lugonu


Innate Abilities, Weirdness & Mutations

You have a pair of horns on your head.
You reflexively headbutt those who attack you in melee.


Message History

You sock the green draconian monk!
The green draconian monk is moderately wounded.
You are engulfed in poison gas.
You are more poisoned.
You feel extremely sick.
Unknown command.
You sock the green draconian monk!
Your headbutt misses the green draconian monk.
The green draconian monk is moderately wounded.
You are engulfed in poison gas.
You are more poisoned.
You feel extremely sick. The green draconian monk hits you!
* * * LOW HITPOINT WARNING * * *
The green draconian monk barely misses you.
The green draconian monk tail-slaps you!
* * * LOW HITPOINT WARNING * * *
The green draconian monk barely misses you.
You miss the green draconian monk.
The green draconian monk is moderately wounded.
You are engulfed in poison gas.
You are more poisoned.
* * * LOW HITPOINT WARNING * * *
x2 You feel extremely sick.
Unknown command.
Unknown command.
You spit the green draconian monk like a pig!!!
Your headbutt misses the green draconian monk.
The green draconian monk is severely wounded.
You are engulfed in poison gas.
You are more poisoned.
* * * LOW HITPOINT WARNING * * *
You feel extremely sick.
You bludgeon the green draconian monk!!
Your headbutt misses the green draconian monk.
The green draconian monk is almost dead.
You are engulfed in poison gas.
You are more poisoned.
* * * LOW HITPOINT WARNING * * *
You die...

#+# #.# #q# #@#
#°# #°# #°# #°#
#)#
################'#
.......÷........°#
......)..........#


You could see a green draconian monk (catching breath).

Vanquished Creatures
  An Ice Fiend (D)
  A Hell Sentinel (D)
  A minotaur (D)
  A fire dragon (D)
  A naga warrior (D)
  Erolcha (D)
  A merfolk avatar (D)
  A naga sharpshooter (D)
  A vampire mage (D)
  A deep troll (D)
  A phantasmal warrior (D)
  2 bog bodies (D)
  A deep elf zephyrmancer (D)
  A manticore (D)
  An orange demon (D)
  A gargoyle (D)
  A kobold demonologist (D)
  2 efreet (D)
  4 ice devils (D)
  2 guardian mummies (D)
  A red devil (D)
  A wind drake (D)
  A troll (D)
  3 blink frogs (D)
  A redback (D)
  A water elemental (D)
  A shadow (D)
  A basilisk (D)
  A fire bat (D)
  A naga (D)
  A necrophage (D)
  2 black bears (D)
  A centaur (D)
  3 wolves (D)
  A scorpion (D)
  4 wights (D)
  A quasit (D)
  An iron imp (D)
  2 hell rats (D)
  2 iguanas (D)
  2 gnolls (D)
  3 adders (D)
  A ball python (D)
  2 endoplasms (D)
  A giant cockroach (D)
  2 goblins (D)
  A hobgoblin (D)
  2 jackals (D)
  3 kobolds (D)
  A quokka (D)
  A bat (D)
  A frilled lizard (D)
  A jackal skeleton (D)
  A rat (D)
78 creatures vanquished.

Vanquished Creatures (collateral kills)
  A sea snake (D)
  A cyclops (D)
  A manticore (D)
  A kobold demonologist (D)
  A rime drake (D)
  A shadow (D)
  3 wolves (D)
  An iron imp (D)
  A quokka (D)
  2 kobolds (D)
13 creatures vanquished.

Vanquished Creatures (others)
  An unseen horror (D)
1 creature vanquished.

Grand Total: 92 creatures vanquished

Notes
Turn   | Place    | Note
-------+----------+-------------------------------------------
     0 | D        | mhtbhm the Minotaur Berserker began the quest for the Orb.
     0 | D        | Reached XP level 1. HP: 19/19 MP: 0/0
    16 | D        | Reached skill level 4 in Maces & Flails
    20 | D        | Found a bloodstained altar of Trog.
    20 | D        | Found a shimmering blue altar of Sif Muna.
    20 | D        | Found a viscous altar of Jiyva.
    20 | D        | Found a hazy altar of Hepliaklqana.
    20 | D        | Found an opulent altar of Gozag.
    21 | D        | Found a glowing golden altar of the Shining One.
    21 | D        | Found a glowing silver altar of Zin.
    21 | D        | Found a basalt altar of Yredelemnul.
    21 | D        | Found a shimmering altar of Xom.
    21 | D        | Found an ornate altar of the Wu Jian Council.
    21 | D        | Found a sacrificial altar of Ru.
    21 | D        | Found a stormy altar of Qazlal.
    21 | D        | Found an iron altar of Okawaru.
    21 | D        | Found a sparkling altar of Nemelex Xobeh.
    21 | D        | Found a burning altar of Makhleb.
    21 | D        | Found a blossoming altar of Fedhas.
    21 | D        | Found a white marble altar of Elyvilon.
    21 | D        | Found a shadowy altar of Dithmenos.
    21 | D        | Found a snail-covered altar of Cheibriados.
    23 | D        | Found a radiant altar of Vehumet.
    23 | D        | Found a corrupted altar of Lugonu.
    24 | D        | Found a hide-covered altar of Uskayaw.
    24 | D        | Found an ancient bone altar of Kikubaaqudgha.
    24 | D        | Found a broken altar of Ashenzari.
    65 | D        | Reached skill level 5 in Fighting
    65 | D        | Reached XP level 2. HP: 29/29 MP: 1/1
    66 | D        | Reached ** piety under Trog
   125 | D        | Reached *** piety under Trog
   127 | D        | Reached skill level 5 in Maces & Flails
   224 | D        | Noticed a wight
   224 | D        | Noticed a wight
   235 | D        | Reached **** piety under Trog
   236 | D        | Reached XP level 3. HP: 37/37 MP: 2/2
   237 | D        | Reached skill level 6 in Maces & Flails
   242 | D        | Reached skill level 8 in Maces & Flails
   242 | D        | Reached XP level 4. HP: 48/48 MP: 3/3
   248 | D        | Reached XP level 5. HP: 46/56 MP: 4/4
   254 | D        | Reached skill level 9 in Maces & Flails
   337 | D        | Reached ***** piety under Trog
   340 | D        | Reached skill level 10 in Maces & Flails
   340 | D        | Reached skill level 5 in Armour
   340 | D        | Reached skill level 5 in Dodging
   357 | D        | Reached XP level 6. HP: 51/66 MP: 5/5
   575 | D        | Noticed a deep elf zephyrmancer
   579 | D        | Killed a deep elf zephyrmancer
   579 | D        | Received a gift from Trog
   580 | D        | Reached skill level 12 in Maces & Flails
   580 | D        | Reached XP level 7. HP: 74/74 MP: 6/6
   592 | D        | Noticed a deep troll
   592 | D        | Noticed an ice devil
   600 | D        | Reached skill level 13 in Maces & Flails
   606 | D        | Killed a deep troll
   607 | D        | Reached skill level 14 in Maces & Flails
   607 | D        | Reached XP level 8. HP: 85/85 MP: 7/7
   614 | D        | Killed an ice devil
   780 | D        | Noticed an ice devil
   782 | D        | Received a gift from Trog
   788 | D        | Killed an ice devil
   789 | D        | Reached skill level 15 in Maces & Flails
   952 | D        | Noticed a blink frog
   952 | D        | Noticed a blink frog
   952 | D        | Noticed a blink frog
   952 | D        | Noticed an efreet
   952 | D        | Noticed an ice devil
   952 | D        | Noticed a wind drake
   952 | D        | Noticed Erolcha
   957 | D        | Killed Erolcha
   958 | D        | Reached skill level 16 in Maces & Flails
   958 | D        | Reached XP level 9. HP: 95/95 MP: 8/8
   961 | D        | Reached skill level 10 in Armour
   966 | D        | Killed a wind drake
   968 | D        | Killed an ice devil
   968 | D        | Reached ****** piety under Trog
   969 | D        | Reached skill level 17 in Maces & Flails
   970 | D        | Killed an efreet
   970 | D        | Received a gift from Trog
   972 | D        | Reached XP level 10. HP: 104/104 MP: 9/9
  1071 | D        | Reached skill level 15 in Fighting
  1071 | D        | Reached skill level 1 in Stealth
  1078 | D        | Reached skill level 18 in Maces & Flails
  1158 | D        | Received a gift from Trog
  1159 | D        | Reached skill level 10 in Dodging
  1218 | D        | Noticed a gargoyle
  1234 | D        | Killed a gargoyle
  1382 | D        | Noticed a bog body
  1382 | D        | Noticed a phantasmal warrior
  1390 | D        | Killed a phantasmal warrior
  1394 | D        | Killed a bog body
  1394 | D        | Received a gift from Trog
  1395 | D        | Reached skill level 19 in Maces & Flails
  1566 | D        | Noticed a vampire mage
  1567 | D        | Noticed an orange demon
  1570 | D        | Killed a vampire mage
  1574 | D        | Killed an orange demon
  1582 | D        | Received a gift from Trog
  1820 | D        | Noticed a manticore
  1823 | D        | Noticed a cyclops
  1825 | D        | Noticed a sea snake
  1835 | D        | Reached XP level 11. HP: 115/115 MP: 10/10
  1840 | D        | Received a gift from Trog
  1846 | D        | Killed a sea snake
  1850 | D        | Reached skill level 20 in Maces & Flails
  1852 | D        | Received a gift from Trog
  2405 | D        | Noticed a minotaur
  2412 | D        | Killed a minotaur
  2413 | D        | Received a gift from Trog
  2647 | D        | Noticed a naga warrior
  2648 | D        | Noticed a naga sharpshooter
  2660 | D        | Killed a naga warrior
  2667 | D        | Killed a naga sharpshooter
  2898 | D        | Noticed a merfolk avatar
  2915 | D        | Killed a merfolk avatar
  2915 | D        | Received a gift from Trog
  2916 | D        | Reached skill level 21 in Maces & Flails
  3194 | D        | Noticed a bog body
  3199 | D        | Killed a bog body
  3340 | D        | Noticed an Ice Fiend
  3349 | D        | Killed an Ice Fiend
  3350 | D        | Reached skill level 15 in Armour
  3350 | D        | Reached XP level 12. HP: 91/129 MP: 3/11
  3561 | D        | Noticed a fire dragon
  3568 | D        | Killed a fire dragon
  3568 | D        | Received a gift from Trog
  3661 | D        | Noticed a Hell Sentinel
  3670 | D        | Killed a Hell Sentinel
  3671 | D        | Reached skill level 22 in Maces & Flails
  3796 | D        | Noticed a green draconian monk
  3808 | D        | Succumbed to a green draconian monk's poison gas

Illustrated notes

Levels and vault maps discovered:
D:        pitsprint [storerooms_1, entrance_room_1, metal_vault_3, armoury_1,
          mini_pit_1, grid_room_1, main_hall_1, silver_pit, the_coven_1,
          the_vestibule_1, steel_vault_3, golden_pit, hallway_of_sentries,
          crystal_vault_1, iron_vault_2, final_vault]

Skill      XL: |  1  2  3  4  5  6  7  8  9 10 11 12 |
---------------+-------------------------------------+-----
Fighting       | 5 6 7 8 9 11 12 14 16 18 19 | 19.5
Maces & Flails | 4 5 8 10 12 14 16 17 19 21 22 | 22.1
Armour         | 3 4 5 6 8 9 10 12 15 16 | 16.3
Dodging        | 3 4 5 6 7 9 10 11 | 11.3
Stealth        | 1 2 |  2.5

Action                   |  1- 3 |  4- 6 |  7- 9 | 10-12 || total
-------------------------+-------+-------+-------+-------++-------
Melee: Mace              |    24 |    30 |    24 |       ||    78
       Headbutt          |     4 |     8 |    11 |    43 ||    66
       Morningstar       |       |       |    22 |       ||    22
       Dire flail        |       |       |       |   165 ||   165
Invok: Berserk           |     2 |       |     3 |    12 ||    17
       Brothers in Arms  |       |       |       |     1 ||     1
  Use: Potion            |       |       |       |     1 ||     1
Armor: Chain mail        |     5 |    22 |    11 |    62 ||   100
       Animal skin       |     1 |       |       |       ||     1
       Fire dragon scale |       |       |       |     2 ||     2
Dodge: Dodged            |    12 |    18 |    17 |    85 ||   132

Table legend: (Time is in decaauts)
 A = Elapsed time spent in this place.
 B = Non-inter-level travel time spent in this place.
 C = Inter-level travel time spent in this place.
 D = Time resting spent in this place.
 E = Time spent auto-exploring this place.
 F = Levels seen in this place.
 G = Mean time per level.
                   A        B        C        D        E       F      G
               +--------+--------+--------+--------+--------+-----+--------+
         Total |   3883 |   3883 |      0 |   2911 |     50 |   1 | 3883.0 |
       Dungeon |   3883 |   3883 |      0 |   2911 |     50 |   1 | 3883.0 |
               +--------+--------+--------+--------+--------+-----+--------+

Top non-repeatable levels by time:
       D: 3883 daAuts
